 Dungeon Crawl Stone Soup version 0.28.0-43-g3370ac3207 (webtiles) character file.

Game seed: 13912142765490710215

1259 graymark the Grave Robber (level 8, -7/52 HPs)
             Began as a Demonspawn Necromancer on Mar 6, 2022.
             Was a Follower of Sif Muna.
             Killed by divine providence
             ... invoked by an orc priest
              (11 damage)
             ... on level 5 of the Dungeon.
             The game lasted 00:16:30 (8342 turns).

graymark the Grave Robber (Demonspawn Necromancer)  Turns: 8342, Time: 00:16:30

Health: -7/52      AC:  6    Str:  8    XL:     8   Next: 27%
Magic:  14/15      EV: 13    Int: 23    God:    Sif Muna [*.....]
Gold:   219        SH:  0    Dex: 11    Spells: 7/16 levels left

rFire   . . .      SeeInvis .   c - +9 short sword "Earthworm" {venom, rPois rC++ rCorr Int+3 Dex-2}
rCold   + + .      Faith    .   (no shield)
rNeg    . . .      Spirit   .   a - +0 robe
rPois   +          Reflect  .   (helmet restricted)
rElec   .          Harm     .   o - +0 cloak
rCorr   +          Rampage  .   q - +0 pair of gloves
Will    .....                   (no boots)
Stlth   +++.......              (no amulet)
HPRegen 0.17/turn               (no ring)
MPRegen 0.14/turn               (no ring)

@: no status effects
A: horns 2, yellow scales 1, foul stench 1
a: Renounce Religion, Channel Magic


You were on level 5 of the Dungeon.
You worshipped Sif Muna.
Sif Muna was aware of your devotion.
You visited 2 branches of the dungeon, and saw 6 of its levels.

You collected 219 gold pieces.

Inventory:

Hand Weapons
 c - the +9 short sword "Earthworm" (weapon) {venom, rPois rC++ rCorr Int+3 Dex-2}
   (You found it on level 3 of the Dungeon)

   It poisons the flesh of those it strikes.
   Int:       It affects your intelligence (+3).
   Dex:       It affects your dexterity (-2).
   rC:        It greatly protects you from cold.
   rPois:     It protects you from poison.
   rCorr:     It protects you from acid and corrosion.
 s - a +0 dagger of venom
 u - a +0 hunting sling
Missiles
 d - 11 sling bullets
 e - 6 atropa-tipped darts
 g - 103 stones
 j - 7 poisoned darts
Armour
 a - a +0 robe (worn)
 o - a +0 cloak (worn)
 q - a +0 pair of gloves (worn)
Jewellery
 t - a +4 ring of evasion
Wands
 r - a wand of digging (2)
 y - a wand of polymorph (6)
Scrolls
 b - 2 scrolls of teleportation
 k - a scroll of fear {unknown}
 l - a scroll of blinking
 m - a scroll of summoning
 n - 2 scrolls of enchant weapon {unknown}
 w - 3 scrolls of fog
 x - a scroll of brand weapon {unknown}
Potions
 f - a potion of might
 h - a potion of flight {unknown}
 i - a potion of lignification
 v - 2 potions of heal wounds {unknown}
 z - 2 potions of brilliance {unknown}


   Skills:
 + Level 4.8 Dodging
 + Level 5.2 Stealth
 + Level 4.9 Spellcasting
 + Level 7.0 Necromancy


You had 7 spell levels left.
You knew the following spells:

 Your Spells              Type           Power      Damage    Failure   Level
a - Pain                  Necr           100%       1d9       1%          1
b - Animate Skeleton      Necr           76%        N/A       1%          1
c - Vampiric Draining     Necr           38%        2d8       1%          3
d - Animate Dead          Necr           19%        N/A       5%          4

Your spell library contained the following spells:

 Spells                   Type           Power      Damage    Failure   Level
 Agony                    Necr           38%        N/A       14%         5


Dungeon Overview and Level Annotations

Branches:
Dungeon (5/15)             Temple (1/1) D:4

Altars:
Ashenzari
Cheibriados
Dithmenos
Elyvilon
Fedhas
Gozag
Hepliaklqana
Kikubaaqudgha
Makhleb
Nemelex Xobeh
Okawaru
Qazlal
Ru
Sif Muna
Trog
Uskayaw
Vehumet
Wu Jian
Xom
Zin
The Shining One


Innate Abilities, Weirdness & Mutations

You have a pair of horns on your head.
You are partially covered in yellow scales. (AC +2)
You may rarely emit foul miasma when damaged in melee.


Message History

You hit the orc priest.
The orc priest is heavily wounded.
Your orc priest skeleton hits the orc priest with a +2 dagger of venom.
The orc priest hits your orc priest skeleton with the +9 short sword of the Abyss {flame, rPois Int+3 Dex+2}.
The orc priest burns your orc priest skeleton.
Your orc priest skeleton is destroyed!
The orc priest shouts!
You feel better. The orc priest barely misses you.
You puncture the orc priest!
You kill the orc priest!
Sif Muna accepts your kill. x2
Reactivating autopickup.
You feel a bit more experienced.
An orc comes into view. It is wielding a +0 hand axe.
Your Necromancy skill increases to level 7!
Casting: Animate Skeleton (safe; 1% risk of failure)
Confirm with . or Enter, or press ? or * to list all spells.
You attempt to give life to the dead...
Before your eyes, flesh is ripped from the corpse!
The dead are walking!
The orc hits you with a +0 falchion.
You hit the orc but do no damage.
The orc is poisoned.
Your headbutt misses the orc.
The orc hits your orc skeleton with a +0 hand axe.
The orc hits you but does no damage.
The orc hits your orc skeleton with a +0 hand axe.
Your orc skeleton is destroyed!
You closely miss the orc. The orc hits you with a +0 falchion.
* * * LOW HITPOINT WARNING * * *
The orc priest invokes the aid of Beogh against you.
Beogh smites you!
* * * LOW HITPOINT WARNING * * *
Unknown command.
You puncture the orc!
You kill the orc!
Sif Muna accepts your kill.
You hit the orc priest.
The orc priest is poisoned.
The orc priest is lightly wounded.
The orc priest calls down the wrath of Beogh upon you.
Beogh smites you!
You die...

#.........# #.........######
#.........#....#
#.....#####....####### ##....†###
#....##....# ...#.....#
#....##.##.# # #.##.##.##
#....##.# .#.#o#
#.##.#..####....##)##.....##
................@oo.o)......
#.####.###########.......... #.#
#.# ##......### ### #.######
........# ######......###
.#)..#...#
.....'........###################
######......#.'.....#...........#
#......#.#####.#.#########)#
###......#.#.....#.....#...).#


You could see an orc priest (very poisoned) and 2 orcs.

Vanquished Creatures
  A wyvern (D:5)
  An ogre (D:3)
  A bullfrog (D:4)
  2 scorpions
  3 wights
  A howler monkey (D:5)
  A centaur zombie (D:5)
  2 hounds (D:5)
  3 orc priests (D:5)
  A jelly (D:3)
  2 iguanas (D:5)
  A centaur skeleton (D:4)
  A gnoll shaman (D:4)
  Ijyb (D:3)
  3 orc wizards (D:5)
  2 hound skeletons (D:4)
  6 adders
  8 gnolls
  2 ufetubi (D:5)
  An adder skeleton (D:5)
  3 worms (D:2)
  A dart slug (D:3)
  10 orcs
  4 bats
  9 endoplasms
  4 giant cockroaches
  10 goblins
  5 hobgoblins
  5 jackals
  4 quokkas
  5 ball pythons
  3 frilled lizards
  3 kobolds
  3 rats
112 creatures vanquished.

Vanquished Creatures (collateral kills)
  An endoplasm (D:4)
1 creature vanquished.

Grand Total: 113 creatures vanquished

Notes
Turn   | Place    | Note
-------+----------+-------------------------------------------
     0 | D:1      | graymark the Demonspawn Necromancer began the quest for the
                  | Orb.
     0 | D:1      | Reached XP level 1. HP: 13/13 MP: 3/3
   427 | D:1      | Learned a level 1 spell: Animate Skeleton
   642 | D:1      | Gained mutation: You are partially covered in yellow
                  | scales. (AC +2) [demonic ancestry]
   642 | D:1      | Reached XP level 2. HP: 19/19 MP: 5/5
  1886 | D:2      | Reached XP level 3. HP: 20/24 MP: 4/6
  3321 | D:2      | Found a faded altar of an unknown god.
  3379 | D:2      | Gained mutation: You may rarely emit foul miasma when
                  | damaged in melee. [demonic ancestry]
  3379 | D:2      | Reached XP level 4. HP: 27/30 MP: 5/7
  3638 | D:3      | Noticed an ogre
  3653 | D:3      | Killed an ogre
  3654 | D:3      | Reached skill level 5 in Necromancy
  3654 | D:3      | Reached XP level 5. HP: 28/35 MP: 0/9
  3740 | D:3      | Learned a level 3 spell: Vampiric Draining
  3745 | D:3      | Learned a level 4 spell: Animate Dead
  4227 | D:3      | Found a bloodstained altar of Trog.
  4362 | D:3      | Found a broken altar of Ashenzari.
  4506 | D:3      | Noticed Ijyb
  4519 | D:3      | Killed Ijyb
  4894 | D:3      | Identified the +9 short sword "Earthworm" {venom, rPois
                  | rC++ rCorr Int+3 Dex-2}
  5050 | D:4      | Found a stormy altar of Qazlal.
  5103 | D:3      | Gained mutation: You have a pair of small horns on your
                  | head. [demonic ancestry]
  5103 | D:3      | Reached XP level 6. HP: 19/41 MP: 10/10
  5717 | D:4      | Found a staircase to the Ecumenical Temple.
  5728 | Temple   | Entered the Ecumenical Temple
  5860 | Temple   | Became a worshipper of Sif Muna the Loreminder
  6264 | D:4      | Gained mutation: You have a pair of horns on your head.
                  | [demonic ancestry]
  6264 | D:4      | Reached XP level 7. HP: 41/46 MP: 9/12
  6272 | D:4      | Reached skill level 6 in Necromancy
  6801 | D:5      | Entered Level 5 of the Dungeon
  7392 | D:5      | Reached * piety under Sif Muna
  7801 | D:5      | Noticed a wyvern
  7809 | D:5      | Killed a wyvern
  7810 | D:5      | Reached XP level 8. HP: 42/52 MP: 10/14
  8070 | D:5      | Reached skill level 5 in Stealth
  8306 | D:5      | Identified the +9 short sword of the Abyss {flame, rPois
                  | Int+3 Dex+2}
  8338 | D:5      | Reached skill level 7 in Necromancy
  8342 | D:5      | Killed from afar by an orc priest

Illustrated notes

Levels and vault maps discovered:
D:1:      giann_wishing_wells, layout_basic, serial_rivers,
          chequers_serial_rivers_large_b, chequers_serial_rivers_large_a,
          chequers_serial_rivers_micro_a, chequers_serial_rivers_micro_b
D:2:      layout_basic, shapermc_ecumenical_altar_rom_forum
D:3:      kennysheep_the_goblin_king, layout_basic, trog_three_pillars_becter,
          general_overflow_altar
D:4:      cheibrodos_quashed, layout_loops_corners,
          mainiacjoe_overflow_concentric_impassable,
          minmay_temple_entry_statues_pillars
D:5:      layout_basic, roderic_serpentine_path
Temple:   regret_index_temple_mists

Skill      XL: |  1  2  3  4  5  6  7  8 |
---------------+-------------------------+-----
Stealth        | 2 3 4 5 |  5.2
Dodging        | 2 3 4 |  4.8
Necromancy     | 5 6 7 |  7.0
Spellcasting   | 3 4 |  4.9

Action                   |  1- 3 |  4- 6 |  7- 9 || total
-------------------------+-------+-------+-------++-------
Melee: Dagger            |   113 |    15 |       ||   128
       Punch             |     4 |       |     1 ||     5
       Short sword       |       |    37 |    93 ||   130
       Headbutt          |       |     3 |    14 ||    17
 Cast: Pain              |    62 |    32 |    14 ||   108
       Vampiric Draining |       |     6 |     1 ||     7
       Animate Dead      |       |     1 |       ||     1
       Animate Skeleton  |       |       |     2 ||     2
  Use: Scroll            |       |     5 |     3 ||     8
       Potion            |       |       |     1 ||     1
 Stab: Sleeping          |     3 |     6 |     2 ||    11
       Distracted        |       |       |     1 ||     1
Armor: Robe              |    54 |    14 |    22 ||    90
Dodge: Dodged            |    85 |    39 |    76 ||   200
